 Dungeon Crawl Stone Soup version 0.30-a0-613-gdd512c7efb (webtiles) character file.

Game seed: 1109118489327286362

3567 OTABOTABOTAB the Insei (level 10, -18/67 HPs)
             Began as an Octopode Transmuter on Jan 8, 2023.
             Was an Initiate of Gozag.
             Demolished by an orc knight
             ... wielding a +0 glaive
              (19 damage)
             ... in a bailey on Jan 9, 2023.
             The game lasted 00:22:30 (7893 turns).

OTABOTABOTAB the Insei (Octopode Transmuter)        Turns: 7893, Time: 00:22:31

Health: -18/67     AC:  1    Str:  9    XL:     10   Next: 9%
Magic:  17/17      EV: 15    Int: 20    God:    Gozag
Gold:   561        SH:  0    Dex: 13    Spells: 9/19 levels left

rFire   . . .      SeeInvis .      - Unarmed
rCold   . . .      Faith    .    (no shield)
rNeg    . . .      Spirit   .    (helmet restricted)
rPois   .          Reflect  .    (no amulet)
rElec   .          Harm     .    (no ring)
rCorr   .          Rampage  .    (no ring)
Will    .....                    (no ring)
Stlth   +++                      (no ring)
HPRegen 0.31/turn                (no ring)
MPRegen 0.15/turn                (no ring)
                                 (no ring)
                                 (no ring)

@: on berserk cooldown, hasted and slowed, invisible
A: almost no armour, amphibious, 8 rings, camouflage 1, gelatinous body 1,
nimble swimmer 1, tentacles
a: Renounce Religion, Potion Petition, Call Merchant, Bribe Branch


You were in a bailey.
You worshipped Gozag.
Gozag was pleased with you.
You visited 2 branches of the dungeon, and saw 8 of its levels.
You also visited: Bailey.

You collected 652 gold pieces.
You paid 91 gold pieces to Gozag.

Inventory:

Missiles
 a - 5 boomerangs
 b - 12 poisoned darts
 n - a throwing net {!d}
 s - 43 stones
 u - 2 silver boomerangs
Magical Staves
 v - a staff of fire {rF+}
   (You found it on level 7 of the Dungeon)
Jewellery
 X - a ring of resist corrosion
   (You took it off a kobold on level 4 of the Dungeon)
Wands
 h - a wand of acid (2)
   (You found it on level 6 of the Dungeon)
 i - a wand of iceblast (27)
   (You found it on level 4 of the Dungeon)
 j - a wand of polymorph (9)
   (You found it on level 6 of the Dungeon)
 p - a wand of paralysis (14)
   (You took it off Ijyb on level 5 of the Dungeon)
 q - a wand of flame (38)
   (You found it on level 3 of the Dungeon)
Scrolls
 c - a scroll of brand weapon
 g - a scroll of enchant weapon
 l - a scroll of identify {@r1}
 Y - 3 scrolls of teleportation {@r3}
Potions
 d - 3 potions of cancellation
 e - a potion of attraction {unknown}
 m - a potion of might {unknown}
 r - a potion of magic {unknown}
 H - a potion of haste
 I - a potion of invisibility
 L - 2 potions of flight
 P - 4 potions of lignification {!q}
 U - 3 potions of mutation {!q}
Miscellaneous
 t - a piece from Xom's chessboard (15/15)
   (You found it on level 6 of the Dungeon)


   Skills:
 - Level 5.6 Fighting
 - Level 6.0 Dodging
 + Level 7.9 Unarmed Combat
 - Level 5.0 Spellcasting
 + Level 7.5 Transmutations
 - Level 5.0 Ice Magic
 - Level 3.9 Poison Magic


You had 9 spell levels left.
You knew the following spells:

 Your Spells              Type           Power      Damage    Failure   Level
a - Beastly Appendage     Tmut           70%        N/A       1%          1
b - Wereblood             Tmut           35%        N/A       1%          2
c - Spider Form           Tmut/Pois      27%        N/A       3%          3
d - Ice Form              Ice/Tmut       30%        N/A       9%          4

Your spell library contained the following spells:

 Spells                   Type           Power      Damage    Failure   Level
 Sting                    Tmut/Pois      100%       1d8       1%          1
 Poisonous Vapours        Pois/Air       24%        N/A       8%          2
 Cigotuvi's Dreadful Rot  Necr/Pois/Air  20%        N/A       11%         2
 Magic Dart               Conj           20%        1d4       12%         1
 Call Imp                 Summ           5%         N/A       17%         2
 Sublimation of Blood     Necr           5%         N/A       17%         2
 Mephitic Cloud           Conj/Pois/Air  10%        N/A       21%         3
 Olgreb's Toxic Radiance  Pois           20%        N/A       24%         4
 Alistair's Intoxication  Tmut/Pois      18%        N/A       30%         5
 Vhi's Electric Charge    Tloc/Air       10%        N/A       34%         3
 Summon Ice Beast         Ice/Summ       15%        N/A       38%         4
 Arcjolt                  Conj/Air       2%         1d12      97%         5
 Summon Mana Viper        Hex/Summ       5%         N/A       97%         5
 Monstrous Menagerie      Summ           2%         N/A       100%        7
 Summon Hydra             Summ           2%         N/A       100%        7
 Maxwell's Capacitive Co  Air            2%         ∞         100%        8


Dungeon Overview and Level Annotations

Branches:
Dungeon (7/15)             Temple (1/1) D:6          Bailey (1/1)

Altars:
Ashenzari
Cheibriados
Dithmenos
Elyvilon
Fedhas
Gozag
Hepliaklqana
Makhleb
Nemelex Xobeh
Okawaru
Qazlal
Ru
Sif Muna
Trog
Vehumet
Wu Jian
Xom
Yredelemnul
The Shining One

Shops:
D:2 [


Innate Abilities, Weirdness & Mutations

You cannot wear most types of armour.
You are amphibious.
You can wear up to eight rings at the same time.
Your skin changes colour to match your surroundings (Stealth+).
Your rubbery body absorbs attacks. (AC +1, EV +1)
You are camouflaged when in or above water. (Stealth+)
You have tentacles for arms and can constrict up to eight enemies at once.


Message History

Things that are here:
6 gold pieces; a +0 spear; a +0 plate armour You enter the shallow water.
You turn into a creature of crystalline ice.
You now have 65/80 hp.
The orc warrior hits you but does no damage.
The orc warrior misses you.
You hit the orc warrior. You freeze the orc warrior.
The orc warrior splashes around in the water.
You barely miss the orc warrior. You punch the orc warrior!
You freeze the orc warrior. The orc warrior closely misses you.
You pummel the orc warrior!! You freeze the orc warrior.
You kill the orc warrior!
You hear a splash. x2
Training target 5.0 for Spellcasting reached!
Your Spellcasting skill increases to level 5!
You now have 552 gold pieces (gained 8).
Things that are here:
a +0 halberd; a +0 ring mail You warm up again.
You now have 57/67 hp.
You enter the shallow water.
You now have 558 gold pieces (gained 6).
Things that are here:
a +0 spear; a +0 plate armour Your magical contamination has completely faded away.
You now have 561 gold pieces (gained 3).
Things that are here:
a +0 spear; a +0 chain mail Search for what [Enter for "altar", or ? for help]? ring Unknown command.
Unknown command.
Unknown command.
An orc knight is nearby!
Health restored: 67 You regained 3 mp, and now have 16/17 mp.
Unknown command.
Okay, then.
Things that are here:
a +0 spear; a +0 plate armour MP restored: 17 You enter the shallow water.
Things that are here:
a +0 halberd; a +0 ring mail
There is a gate leading back out of this place here.
It was a potion of heal wounds.
You feel much better.
N - a potion of heal wounds It was a potion of ambrosia.
You are confused.
You feel invigorated.
Unknown command.
You start waiting.
You feel less invigorated.
You feel less confused.
Unknown command.
You start waiting.
An orc knight is nearby!
Unknown command.
You feel yourself speed up.
It was a potion of berserk rage.
A red film seems to cover your vision as you go berserk!
You feel yourself moving faster!
You feel mighty!
The orc knight shouts!
You now have 100/100 hp.
You are too berserk!
Okay, then.
You are too berserk!
Okay, then.
Unknown command.
You enter the shallow water.
You feel a strong urge to attack something.
You feel your anger nearly subside.
You are no longer berserk.
You are exhausted.
You feel yourself slow down.
The orc knight hits you with a +0 glaive!!
Things that are here:
a +0 spear; a +0 plate armour You now have 40/67 hp.
You closely miss the orc knight. You grab the orc knight.
You squeeze the orc knight, but do no damage.
You constrict the orc knight, but do no damage.
You tentacle-slap the orc knight but do no damage.
You constrict the orc knight, but do no damage.
The orc knight hits you with a +0 glaive!!
* * * LOW HITPOINT WARNING * * *
You take 23 damage, and have 17/67 hp.
MASSIVE DAMAGE!!
Okay, then.
You feel much better.
You constrict the orc knight, but do no damage.
The orc knight hits you with a +0 glaive!!
* * * LOW HITPOINT WARNING * * *
You take 16 damage, and have 1/67 hp.
MASSIVE DAMAGE!!
You fade into invisibility!
You constrict the orc knight.
The orc knight hits you with a +0 glaive!!
You die...
Your body crumbles into a pile of gold.

##########.~.#
.....##.~.#
#...##..~.#
##.##..~).#
#'#..~~.## ∩⌠...
#'#..~~.∩# ...≈≈ #
##..~~.# §≈≈§≈. $
##..~.# ...... $$$
##)@.#
#'###'#########o~.#
....##....o.....).#
.∩.##..~~~~~~~~~~.#
# ##..~~..........#
###..~~..##########
....~~..##
~~~~~..## ......##


You could see an orc knight.

Vanquished Creatures
  Pikel (D:6)
  Maggie (D:6)
  Sigmund (D:4)
  Menkaure (D:6)
  A water moccasin (D:6)
  Pargi (D:3)
  5 orc warriors
  A sky beast (D:7)
  2 ogres
  A centaur (D:7)
  3 lemures (D:6)
  4 phantoms
  3 necrophages
  3 scorpions
  4 hounds
  A jelly (D:5)
  A gnoll bouda (D:6)
  3 orc priests
  2 iguanas
  7 orc wizards
  Ijyb (D:5)
  Terence (D:2)
  6 gnolls (D:6)
  7 adders
  A shadow imp (D:4)
  2 white imps (D:6)
  2 ufetubi
  2 worms (D:2)
  2 dart slugs (D:2)
  50 orcs
  4 ball pythons
  8 endoplasms
  6 giant cockroaches
  6 hobgoblins
  7 jackals
  6 kobolds
  8 quokkas
  5 bats
  2 frilled lizards (D:2)
  6 goblins
  9 rats
187 creatures vanquished.

Notes
Turn   | Place    | Note
-------+----------+-------------------------------------------
     0 | D:1      | OTABOTABOTAB the Octopode Transmuter began the quest for
                  | the Orb.
     0 | D:1      | Reached XP level 1. HP: 13/13 MP: 3/3
   165 | D:1      | Reached XP level 2. HP: 18/18 MP: 1/5
   178 | D:1      | Learned a level 2 spell: Wereblood
   908 | D:2      | Noticed Terence
  1000 | D:2      | Reached XP level 3. HP: 23/23 MP: 4/6
  1004 | D:2      | Learned a level 3 spell: Spider Form
  1256 | D:2      | HP: 5/23 [adder (4)]
  1258 | D:2      | Reached skill level 3 in Transmutations
  1262 | D:2      | Reached skill level 1 in Poison Magic
  1324 | D:2      | Reached skill level 3 in Fighting
  1324 | D:2      | Reached skill level 3 in Dodging
  1324 | D:2      | Reached skill level 6 in Unarmed Combat
  1324 | D:2      | Reached skill level 3 in Spellcasting
  1324 | D:2      | Reached skill level 5 in Transmutations
  1324 | D:2      | Reached skill level 4 in Ice Magic
  1324 | D:2      | Reached skill level 3 in Poison Magic
  1324 | D:2      | Reached XP level 4. HP: 31/31 MP: 6/9
  1330 | D:2      | Learned a level 4 spell: Ice Form
  1400 | D:2      | Reached XP level 5. HP: 31/36 MP: 6/10
  1621 | D:2      | Found Nouhi's Armour Shoppe.
  1769 | D:2      | Killed Terence
  1893 | D:3      | Noticed Pargi
  1902 | D:3      | Killed Pargi
  1903 | D:3      | Reached XP level 6. HP: 42/42 MP: 6/11
  2045 | D:3      | Found a faded altar of an unknown god.
  2128 | D:3      | Got Gulumiom's Book of the Adder
  3206 | D:4      | Reached skill level 4 in Dodging
  3389 | D:4      | Reached skill level 5 in Ice Magic
  3389 | D:4      | Reached XP level 7. HP: 44/46 MP: 8/12
  3606 | D:4      | Noticed Sigmund
  3773 | D:4      | Killed Sigmund
  3774 | D:4      | Reached skill level 4 in Fighting
  3774 | D:4      | Reached skill level 6 in Transmutations
  4053 | D:4      | Reached XP level 8. HP: 54/54 MP: 9/13
  4251 | D:5      | Entered Level 5 of the Dungeon
  4270 | D:5      | Found a basalt altar of Yredelemnul.
  4750 | D:5      | Reached skill level 5 in Dodging
  4834 | D:5      | Noticed Ijyb
  4838 | D:5      | Killed Ijyb
  4891 | D:5      | Reached skill level 7 in Unarmed Combat
  5421 | D:6      | Found a runed translucent door.
  5438 | D:6      | Noticed Pikel
  5761 | D:6      | Reached XP level 9. HP: 60/60 MP: 14/14
  5781 | D:6      | Noticed Maggie
  5789 | D:6      | Found a staircase to the Ecumenical Temple.
  5845 | D:6      | Killed Maggie
  5846 | D:6      | Reached skill level 5 in Fighting
  5846 | D:6      | Reached skill level 4 in Spellcasting
  5909 | Temple   | Entered the Ecumenical Temple
  6191 | Temple   | Became a worshipper of Gozag Ym Sagoz the Greedy
  6304 | D:6      | Reached skill level 7 in Transmutations
  6418 | D:6      | Killed Pikel
  6648 | D:6      | Noticed Menkaure
  6682 | D:6      | Killed Menkaure
  6966 | D:7      | Reached skill level 6 in Dodging
  7028 | D:7      | Found a flagged portal.
  7052 | Bailey   | Entered a bailey
  7288 | Bailey   | Reached XP level 10. HP: 67/67 MP: 13/17
  7339 | Bailey   | Noticed an orc knight
  7777 | Bailey   | Reached skill level 5 in Spellcasting
  7892 | Bailey   | HP: 1/67 [orc knight/+0 glaive (33)]
  7893 | Bailey   | Demolished by an orc knight

Illustrated notes

Levels and vault maps discovered:
D:1:      minmay_arrival_nine_rooms, layout_loops_ring, kennysheep_doodads,
          grunt_decor_fettered
D:2:      layout_rooms, serial_shops, nicolae_shop_hallway_stairs, uniq_terence
D:3:      minmay_general_purpose_star, layout_loops_corners,
          shapermc_ecumenical_altar_notcrosses, uniq_pargi
D:4:      layout_gridville, kennysheep_generic_room_11, uniq_sigmund
D:5:      layout_rooms, amcnicky_altar_gilded, uniq_ijyb
D:6:      layout_loops_cross, temple_statues, lightli_church_of_beogh,
          uniq_pikel, uniq_maggie, uniq_menkaure
D:7:      layout_cave_pools, enter_bailey_3, minmay_splitting_lines
Temple:   mainiacjoe_temple_circle_huts
Bailey:   bailey_polearm_1, bailey

Skill      XL: |  1  2  3  4  5  6  7  8  9 10 |
---------------+-------------------------------+-----
Transmutations | 5 6 7 |  7.5
Poison Magic   | 3 |  3.9
Fighting       | 3 4 5 |  5.6
Dodging        | 3 4 5 6 |  6.0
Unarmed Combat | 6 7 |  7.9
Spellcasting   | 3 4 5 |  5.0
Ice Magic      | 4 5 |  5.0

Action                   |  1- 3 |  4- 6 |  7- 9 | 10-12 || total
-------------------------+-------+-------+-------+-------++-------
Melee: Unarmed           |    68 |    82 |   284 |    42 ||   476
       Constrict         |    19 |    10 |     1 |     1 ||    31
       Kick              |    17 |     7 |       |       ||    24
       Tentacles         |    15 |     9 |     2 |     1 ||    27
       Punch             |     2 |     2 |       |       ||     4
Throw: Stone             |     1 |       |       |       ||     1
 Cast: Beastly Appendage |    26 |    11 |       |       ||    37
       Spider Form       |       |     2 |     3 |       ||     5
       Ice Form          |       |     9 |    35 |     5 ||    49
       Wereblood         |       |       |     4 |     1 ||     5
 Abil: End Transformatio |    21 |    19 |    28 |     3 ||    71
  Use: Potion            |     2 |       |     2 |     6 ||    10
       Scroll            |     1 |     9 |     7 |       ||    17
 Stab: Sleeping          |     6 |     2 |     1 |       ||     9
Armor: Skin              |    10 |    15 |    74 |    11 ||   110
Dodge: Dodged            |    35 |    48 |   132 |    32 ||   247

Table legend: (Time is in decaauts)
 A = Elapsed time spent in this place.
 B = Non-inter-level travel time spent in this place.
 C = Inter-level travel time spent in this place.
 D = Time resting spent in this place.
 E = Time spent auto-exploring this place.
 F = Levels seen in this place.
 G = Mean time per level.
                   A        B        C        D        E       F      G
               +--------+--------+--------+--------+--------+-----+--------+
         Total |   7831 |   7609 |    222 |   1086 |   4715 |   9 |  870.1 |
       Dungeon |   6697 |   6496 |    201 |    713 |   4393 |   7 |  956.7 |
        Temple |    304 |    283 |     21 |      0 |    246 |   1 |  304.0 |
        Bailey |    830 |    830 |      0 |    373 |     76 |   1 |  830.0 |
               +--------+--------+--------+--------+--------+-----+--------+

Top non-repeatable levels by time:
     D:4: 1391 daAuts
     D:6: 1276 daAuts
     D:3: 1178 daAuts
     D:1: 953 daAuts
     D:2: 932 daAuts
  Bailey: 830 daAuts
     D:5: 780 daAuts
  Temple: 304 daAuts
     D:7: 185 daAuts

Table legend:
 A = Kills in this place as a percentage of kills in entire the game.
 B = Kills by you in this place as a percentage of kills by you in the entire game.
 C = Kills by friends in this place as a percentage of kills by friends in the entire game.
 D = Other kills in this place as a percentage of other kills in the entire game.
 E = Experience gained in this place as a percentage of experience gained in the entire game.
 F = Experience gained in this place divided by the number of levels of this place that you have seen.
                   A       B       C       D       E      F
               +-------+-------+-------+-------+-------+----------------------
         Total | 100.0 | 100.0 |   N/A |   N/A | 100.0 | 557.8
       Dungeon |  89.1 |  89.1 |   N/A |   N/A |  88.1 | 632.1
        Bailey |  10.9 |  10.9 |   N/A |   N/A |  11.9 | 595.0
               +-------+-------+-------+-------+-------+----------------------
